 Dungeon Crawl Stone Soup version 0.24-a0-433-gbe6fa4f6cc (webtiles) character file.

Game seed: 14480259785996584810

313 Murumi the Covered (level 5, -1/41 HPs)
             Began as a Demigod Transmuter on June 14, 2019.
             Slain by a river rat (5 damage)
             ... on level 4 of the Dungeon.
             The game lasted 00:25:50 (5319 turns).

Murumi the Covered (Demigod Transmuter)             Turns: 5319, Time: 00:25:51

Health: -1/41      AC:  3    Str: 13    XL:     5   Next: 98%
Magic:  10/10      EV: 13    Int: 17    God:
Gold:   177        SH:  0    Dex: 18    Spells: 0/8 levels left

rFire    . . .     SeeInvis .     - Unarmed
rCold    . . .     Gourm    .   (no shield)
rNeg     + . .     Faith    .   b - +1 robe
rPois    .         Spirit   .   (no helmet)
rElec    .         Reflect  .   (no cloak)
rCorr    .         Harm     .   (no gloves)
MR       .....                  (boots currently unavailable)
Stlth    +.........             (no amulet)
HPRegen  0.13/turn              l - ring of positive energy
MPRegen  0.12/turn              j - ring of wizardry

@: appendage (expiring), very slow
A: talons 3, high mp 1
a: End Transformation


You were on level 4 of the Dungeon.
You were hungry.
You had grown temporary talons.
You visited 1 branch of the dungeon, and saw 4 of its levels.

You collected 177 gold pieces.

Inventory:

Missiles
 a - 47 arrows
Armour
 b - a +1 robe (worn)
Jewellery
 e - an uncursed ring of resist corrosion
 g - an uncursed ring of flight
 j - a ring of wizardry (right hand)
 l - a ring of positive energy (left hand)
Scrolls
 n - a scroll of remove curse
Potions
 c - 2 potions of invisibility
 f - 3 potions of haste
 h - a potion of resistance {unknown}
 i - a potion of heal wounds
 k - a potion of magic {unknown}
 m - a potion of ambrosia {unknown}
Comestibles
 d - 7 rations
 o - 4 chunks of flesh


   Skills:
 - Level 2.0 Fighting
 - Level 3.0 Armour
 - Level 2.0 Dodging
 - Level 2.6 Unarmed Combat
 - Level 2.0 Spellcasting
 - Level 2.0 Summonings
 - Level 2.3 Transmutations
 + Level 1.9 Poison Magic
 - Level 1.3 Evocations


You couldn't memorise any spells.
You knew the following spells:

 Your Spells              Type           Power        Failure   Level  Hunger
a - Beastly Appendage     Tmut           #.....       3%          1    #......
b - Sticks to Snakes      Tmut           #.......     4%          2    ###....
c - Spider Form           Tmut/Pois      #.........   10%         3    ###....
d - Call Imp              Summ           #.......     4%          2    ###....

Your spell library contained the following spells:

 Spells                   Type           Power        Failure   Level  Hunger
 Summon Small Mammal      Summ           #...         3%          1    #......
 Call Canine Familiar     Summ           #.......     10%         3    ###....
 Summon Guardian Golem    Hex/Summ       #.......     16%         3    ###....
 Ice Form                 Ice/Tmut       #.......     43%         4    #####..
 Summon Ice Beast         Ice/Summ       #.......     43%         4    #####..
 Summon Lightning Spire   Summ/Air       #.......     43%         4    #####..
 Blade Hands              Tmut           #.........   61%         5    ######.


Dungeon Overview and Level Annotations

Branches:
Dungeon (4/15)
 Temple: D:4-7


Innate Abilities, Weirdness & Mutations

You have an increased reservoir of magic. (+10% MP)
You have claws for feet.


Message History

The river rat barely misses you.
You closely miss the river rat. You claw the river rat.
You kill the river rat!
Your unstable footing causes you to fumble your attack.
Your transformation is almost over.
The river rat barely misses you.
Your unstable footing causes you to fumble your attack.
The river rat closely misses you.
You hit the river rat but do no damage. The river rat barely misses you.
Your unstable footing causes you to fumble your attack.
The river rat barely misses you.
Your unstable footing causes you to fumble your attack.
The river rat bites you.
* * * LOW HITPOINT WARNING * * *
You hit the river rat but do no damage.
You claw the river rat, but do no damage.
The river rat closely misses you.
Your unstable footing causes you to fumble your attack.
The river rat bites you.
You die...

### ### #######....
#..........
#≈≈..%..... #≈≈≈..#...
##≈#######≈#.......
#≈≈≈≈≈@rr#≈≈≈..##.#
########≈#≈#≈..##.#
#≈5r§≈#≈≈≈≈†##.#
#≈≈≈≈#≈#≈#≈#≈†.?#.####
### #≈#≈#≈#≈...#....##
≈≈#≈≈≈#..........#
########...##...<.#
...#####.....# #...
#.....#


You could see a river rat and a rat.

Vanquished Creatures
  An orc priest (D:3)
  An orc wizard (D:3)
  Natasha (thrice) (D:2)
  2 gnolls (D:3)
  4 adders
  3 river rats (D:4)
  3 worms
  3 dart slugs
  A leopard gecko (D:2)
  10 orcs
  A ball python (D:1)
  12 bats
  5 giant cockroaches
  8 goblins
  6 hobgoblins
  3 jackals (D:1)
  4 frilled lizards
  5 kobolds
  7 rats
82 creatures vanquished.

Vanquished Creatures (collateral kills)
  An orc priest (D:3)
  An orc (D:3)
2 creatures vanquished.

Grand Total: 84 creatures vanquished

Notes
Turn   | Place    | Note
-------+----------+-------------------------------------------
     0 | D:1      | Murumi the Demigod Transmuter began the quest for the Orb.
     0 | D:1      | Reached XP level 1. HP: 15/15 MP: 5/5
    54 | D:1      | Reached skill level 1 in Fighting
   236 | D:1      | Reached skill level 1 in Armour
   519 | D:1      | Reached XP level 2. HP: 23/23 MP: 5/7
   523 | D:1      | Learned a level 2 spell: Sticks to Snakes
  1574 | D:1      | Reached XP level 3. HP: 29/29 MP: 8/8
  1725 | D:2      | Found an opulent altar of Gozag.
  1803 | D:2      | Noticed Natasha
  1815 | D:2      | Killed Natasha
  1815 | D:2      | Reached skill level 2 in Armour
  2148 | D:2      | Noticed Natasha
  2179 | D:2      | Killed Natasha
  2179 | D:2      | Reached skill level 3 in Armour
  2179 | D:2      | Reached XP level 4. HP: 29/36 MP: 5/9
  2295 | D:2      | Noticed Natasha
  2307 | D:2      | Killed Natasha
  3210 | D:3      | Learned a level 3 spell: Spider Form
  3273 | D:3      | Found a hide-covered altar of Uskayaw.
  3295 | D:3      | Reached skill level 1 in Evocations
  3500 | D:3      | Reached XP level 5. HP: 36/41 MP: 8/10
  4055 | D:3      | Learned a level 2 spell: Call Imp
  4220 | D:3      | Reached skill level 1 in Poison Magic
  4505 | D:3      | Reached skill level 1 in Summonings
  4922 | D:3      | Found a glowing silver altar of Zin.
  5319 | D:4      | Slain by a river rat

Levels and vault maps discovered:
D:1:      dpeg_arrival_rooms_b, layout_basic
D:2:      cheibrodos_helix_gallery, layout_basic, nicolae_gozag_seed_capital,
          uniq_natasha
D:3:      layout_loops_corners, nicolae_overflow_crystal_walls, zin_statuary
D:4:      layout_basic, first_ration, lightli_sewer_entry_pipes,
          chequers_hall_statues_corner_a, uniq_ijyb

Skill      XL: |  1  2  3  4  5 |
---------------+----------------+-----
Fighting       | 1 2 |  2.0
Armour         | 1 3 |  3.0
Dodging        | 2 |  2.0
Transmutations | 2 |  2.3
Spellcasting   | 2 |  2.0
Evocations     | 1 |  1.3
Poison Magic   | 1 |  1.9
Summonings     | 2 |  2.0
Unarmed Combat | |  2.6

Action                   |  1- 3 |  4- 6 || total
-------------------------+-------+-------++-------
Melee: Unarmed           |   170 |   235 ||   405
       Kick              |     9 |    17 ||    26
       Headbutt          |     8 |    14 ||    22
       Punch             |       |     7 ||     7
 Cast: Beastly Appendage |    16 |    13 ||    29
       Sticks to Snakes  |     2 |     1 ||     3
       Call Imp          |       |     6 ||     6
       Spider Form       |       |     1 ||     1
  Use: Scroll            |     3 |     6 ||     9
       Potion            |       |     2 ||     2
 Stab: Sleeping          |     2 |     2 ||     4
  Eat: Chunk             |     3 |    12 ||    15
Armor: Robe              |    33 |    25 ||    58
Dodge: Dodged            |   119 |   136 ||   255

Table legend:
 A = Non-vault XP
 B = Vault XP
 C = Vault XP percentage of total XP
 D = Non-vault monster count
 E = Vault monster count
 F = Vault count percentage of total count
                 A         B        C        D         E       F
            +---------+---------+-------+---------+---------+-------
      Total |     355 |      93 |  20.8 |      76 |       8 |   9.5
            +---------+---------+-------+---------+---------+-------
        D:1 |      48 |       0 |   0.0 |      26 |       0 |   0.0
        D:2 |     103 |      39 |  27.5 |      17 |       3 |  15.0
        D:3 |     204 |       0 |   0.0 |      33 |       0 |   0.0
        D:4 |       0 |      54 | 100.0 |       0 |       5 | 100.0
            +---------+---------+-------+---------+---------+-------
